 Dungeon Crawl Stone Soup version 0.30.1-3-gfc49f6343a (webtiles) character file.

Game seed: 16560429602166027514

182 booth the Trooper (level 5, -11/42 HPs)
             Began as a Demonspawn Gladiator on Aug 2, 2023.
             Was a Plaything of Xom.
             Mangled by an orc warrior
             ... wielding a +0 great mace
              (25 damage)
             ... on level 4 of the Dungeon.
             The game lasted 00:13:29 (2064 turns).

booth the Trooper (Demonspawn Gladiator)            Turns: 2064, Time: 00:13:30

Health: -11/42     AC:  4    Str: 14 (16) XL:     5   Next: 35%
Magic:  7/7        EV: 12    Int:  8 (9)  God:    Xom [..*...]
Gold:   141        SH:  0    Dex: 13 (15) Spells: 7/7 levels left

rFire   . . .        a - +2 war axe
rCold   . . .        (no shield)
rNeg    . . .        b - +1 leather armour
rPois   .            (helmet restricted)
rElec   .            (no cloak)
rCorr   .            (no gloves)
SInv    .            (no boots)
Will    .....        (no amulet)
Stlth   +            (no ring)
HPRegen 0.27/turn    (no ring)
MPRegen 0.10/turn

%: no passive effects
@: no status effects
A: horns 1, powered by death 1, weakness stinger 2
a: Renounce Religion


You were on level 4 of the Dungeon.
You worshipped Xom.
You were a toy of Xom.
You visited 1 branch of the dungeon, and saw 4 of its levels.

You collected 141 gold pieces.

Inventory:

Hand Weapons
 a - a +2 war axe (weapon)
 h - a +0 mace
Missiles
 d - 3 throwing nets (quivered)
 e - a javelin
 i - 5 atropa-tipped darts
 m - 2 datura-tipped darts
Armour
 b - a +1 leather armour (worn)
Jewellery
 j - a ring of fire
Scrolls
 c - a scroll of immolation {unknown}
 g - a scroll of teleportation
Potions
 f - a potion of curing
 k - a potion of attraction {unknown}
 l - 2 potions of brilliance


   Skills:
 * Level 3.6 Fighting
 + Level 3.3 Axes
 + Level 2.6 Throwing
 + Level 3.3 Dodging
 + Level 1.5 Spellcasting


You had 7 spell levels left.
You didn't know any spells.
Your spell library contained the following spells:

 Spells                   Type           Power      Damage    Failure   Level
 Cigotuvi's Dreadful Rot  Necr/Pois/Air  0%         N/A       58%         2
 Gell's Gravitas          Tloc           0%         N/A       82%         3
 Teleport Other           Tloc           0%         N/A       82%         3
 Dispel Undead            Necr           0%         3d6       99%         4
 Death Channel            Necr           0%         N/A       100%        6
 Dispersal                Tloc           0%         N/A       100%        6


Dungeon Overview and Level Annotations

Branches:
Dungeon (4/15)
 Temple: D:4-7

Altars:
Ru
Xom

Shops:
D:1 *   D:4 !


Innate Abilities, Weirdness & Mutations

You have a pair of small horns on your head.
You regenerate a little health from kills.
You have a tail ending in a sharp stinger.


Message History

You see here a hobgoblin corpse.
An iguana comes into view.
An iguana is nearby!
The iguana hisses angrily.
You slash the iguana!
The iguana is heavily wounded.
The iguana misses you. The iguana bites you!
You slash the iguana!
You kill the iguana!
Found Jiacoajek's Distillery.
An orc priest comes into view. It is wielding a +0 falchion.
There is an entrance to Jiacoajek's Distillery here.
You can access your shopping list by pressing '$'.
An orc comes into view. It is wielding a +0 flail.
The orc shouts!
You hear a shout! x3
An orc warrior comes into view.
It is wielding a +0 great mace and quivering atropa-tipped darts.
An orc comes into view. It is wielding a +0 trident.
Found an escape hatch in the floor.
The orc warrior closely misses you. The orc misses you.
You hit the orc warrior.
You tail-slap the orc warrior, but do no damage.
The orc warrior is lightly wounded.
You barely miss the orc. "This might be better!"
The orc warrior seems to speed up.
The orc warrior hits you with a +0 great mace.
The orc hits you from afar with a +0 trident.
The orc hits you with a +0 flail.
An orc comes into view. It is wielding a +0 trident.
The orc warrior hits you with a +0 great mace!
A shower of butterflies erupts from you!
You hit the orc warrior.
You headbutt the orc warrior, but do no damage.
You tail-slap the orc warrior, but do no damage.
The orc warrior is lightly wounded.
You hit the orc.
The orc warrior hits you with a +0 great mace!!
Ouch! That really hurt!
You die...
Xom laughs nastily!

#...# #.#
#.#.# #.#
#∩..# #.#
#...# #.# #.
##..# #.#
#..########..#
..#
#....b.......#
### #o.......#
#@######## #o#


oob ..... .#..... #.......> # .#...... #.#....... You could see an orc warrior
(fast, ally target) and 3 orcs.

Vanquished Creatures
  An orc priest (D:3)
  An iguana (D:4)
  5 adders
  A dart slug (D:2)
  3 orcs (D:3)
  4 ball pythons
  7 endoplasms
  2 giant cockroaches
  12 goblins
  10 hobgoblins
  3 jackals (D:3)
  A quokka (D:2)
  10 bats
  8 kobolds
  6 rats
74 creatures vanquished.

Notes
Turn   | Place    | Note
-------+----------+-------------------------------------------
     0 | D:1      | booth the Demonspawn Gladiator began the quest for the Orb.
     0 | D:1      | Reached XP level 1. HP: 16/16 MP: 1/1
    32 | D:1      | Found Wobbuten's General Store.
   121 | D:1      | Gained mutation: You regenerate a little health from kills.
                  | [demonic ancestry]
   121 | D:1      | Reached XP level 2. HP: 19/22 MP: 2/2
   498 | D:2      | Discovered your monstrous ancestry.
   498 | D:2      | Gained mutation: You have a small tail. [demonic ancestry]
   498 | D:2      | Reached XP level 3. HP: 24/28 MP: 3/3
   948 | D:2      | Reached skill level 1 in Spellcasting
  1132 | D:2      | Gained mutation: You have a tail ending in a sharp stinger.
                  | [demonic ancestry]
  1132 | D:2      | Reached XP level 4. HP: 27/35 MP: 5/5
  1365 | D:3      | Found a faded altar of an unknown god.
  1380 | D:3      | Prayed at the altar of an unknown god.
  1380 | D:3      | Became a worshipper of Xom the Capricious
  1618 | D:3      | Found a sacrificial altar of Ru.
  1631 | D:3      | Gained mutation: You have a pair of small horns on your
                  | head. [demonic ancestry]
  1631 | D:3      | Reached XP level 5. HP: 41/41 MP: 7/7
  1638 | D:3      | XOM: silly message
  1735 | D:3      | XOM: potion effect (curing)
  2043 | D:4      | Found Jiacoajek's Distillery.
  2061 | D:4      | Noticed an orc warrior
  2063 | D:4      | XOM: enchant monster (bad)
  2063 | D:4      | XOM: butterfly on damage
  2064 | D:4      | Mangled by an orc warrior

Illustrated notes

Levels and vault maps discovered:
D:1:      minmay_arrival_checkered_box, layout_rooms, serial_shops,
          nicolae_shop_rolling_square
D:2:      layout_basic, minmay_pentomino_o2
D:3:      layout_basic, nicolae_ru_great_annihilating_truth,
          ebering_ecumenical_altar_hall
D:4:      layout_loops_ring, nicolae_elyvilon_peaceful_grove,
          nicolae_wu_jian_wuxing_cycle, serial_shops, shop,
          minmay_misc_feat_enclosed, pf_guarded_unrand_woodcutter

Skill      XL: |  1  2  3 |
---------------+----------+-----
Throwing       | 2 |  2.6
Dodging        | 3 |  3.3
Axes           | 3 |  3.3
Spellcasting   | 1 |  1.5
Fighting       | 3 |  3.6

Action                     |  1- 3 |  4- 6 || total
---------------------------+-------+-------++-------
  Melee: War axe           |    96 |    79 ||   175
         Tailslap          |     2 |     8 ||    10
         Headbutt          |       |     2 ||     2
    Use: Scroll            |     5 |     4 ||     9
         Potion            |     1 |     1 ||     2
   Stab: Paralysed         |       |     1 ||     1
 Armour: Leather armour    |    46 |    23 ||    69
  Dodge: Dodged            |    80 |    55 ||   135
